HSSL
RANDALL HS RAIDERS @ OLIVER AMES HS TIGERS
04/11/2030
 
TOP OF THE 1ST
Randall HS Raiders batting - Pitching for Oliver Ames HS Tigers : LHP Mark Gaines
Pitching: LHP Mark Gaines
Batting: RHB Tony Burhoe 0-0: DOUBLE (Line Drive, 7LS)
Batting: LHB En-guo Wang 0-0: Swinging Strike
0-1: Ball
1-1: Ball
2-1: Foul Ball, location: 2F
2-2: Foul Ball, location: 2F
2-2: Ball
3-2: Foul Ball, location: 2F
3-2: Strikes out swinging
Batting: RHB John Zhu 0-0: Ground out U3 (Groundball, 34)
Tony Burhoe to third
Pitching: RHP Will Jones
Batting: RHB Michael Brown 0-0: Called Strike
0-1: Called Strike
0-2: Strikes out looking
Top of the 1st over - 0 runs, 1 hit, 0 errors, 1 left on base; Randall HS 0 - Oliver Ames HS 0
BOTTOM OF THE 1ST
Oliver Ames HS Tigers batting - Pitching for Randall HS Raiders : LHP Robbie Dukes
Pitching: LHP Robbie Dukes
Batting: LHB William Moody 0-0: Swinging Strike
0-1: Ball
1-1: Foul Ball, location: 2F
1-2: Fly out, F8 (Flyball, 8LD)
Batting: RHB Marcos Llevanos 0-0: Called Strike
0-1: Ball
1-1: Called Strike
1-2: Strikes out swinging
Batting: RHB Will Hernández 0-0: Foul Ball, location: 2F
0-1: Foul Ball, location: 2F
0-2: Ball
1-2: Strikes out swinging
Bottom of the 1st over - 0 runs, 0 hits, 0 errors, 0 left on base; Randall HS 0 - Oliver Ames HS 0
TOP OF THE 2ND
Randall HS Raiders batting - Pitching for Oliver Ames HS Tigers : RHP Will Jones
Batting: RHB Carlos Rivera 0-0: Called Strike
0-1: Swinging Strike
0-2: Ball
1-2: Foul Ball, location: 2F
1-2: SINGLE (Flyball, 9S)
Batting: RHB Brody Sexton 0-0: Ball
1-0: Ball
Wild Pitch!
Carlos Rivera to second
2-0: Ground out 5-3 (Groundball, 56S)
Carlos Rivera to third
Batting: LHB Robert Wright 0-0: Called Strike
0-1: Ball
1-1: Called Strike
1-2: Ball
2-2: Foul Ball, location: 2F
2-2: SINGLE (Line Drive, 78S)
Carlos Rivera scores
Batting: LHB Kade Clark 0-0: Ball
1-0: Swinging Strike
1-1: Ball
2-1: Foul Ball, location: 2F
2-2: Ball
3-2: Strikes out looking
Batting: RHB Luis Sánchez 0-0: Ball
1-0: Ball
2-0: Foul Ball, location: 2F
2-1: Ground out U3 (Groundball, 34)
Top of the 2nd over - 1 run, 2 hits, 0 errors, 1 left on base; Randall HS 1 - Oliver Ames HS 0
BOTTOM OF THE 2ND
Oliver Ames HS Tigers batting - Pitching for Randall HS Raiders : LHP Robbie Dukes
Batting: LHB Manny Martínez 0-0: Swinging Strike
0-1: Ball
1-1: Ball
2-1: Swinging Strike
2-2: Ground out 4-3 (Groundball, 4)
Batting: RHB Tom Richter 0-0: Swinging Strike
0-1: Swinging Strike
0-2: Ball
1-2: Strikes out swinging
Batting: RHB Dave Collins 0-0: Called Strike
0-1: Ball
1-1: Called Strike
1-2: Ball
2-2: Fly out, F8 (Line Drive, 78D)
Bottom of the 2nd over - 0 runs, 0 hits, 0 errors, 0 left on base; Randall HS 1 - Oliver Ames HS 0
TOP OF THE 3RD
Randall HS Raiders batting - Pitching for Oliver Ames HS Tigers : RHP Will Jones
Batting: RHB Tony Burhoe 0-0: Called Strike
0-1: Fly out, F6 (Popup, 6)
Batting: LHB En-guo Wang 0-0: Ball
1-0: Foul Ball, location: 2F
1-1: SINGLE (Groundball, 34D)
Batting: RHB John Zhu 0-0: Fly out, F4 (Line Drive, 4)
Batting: RHB Michael Brown 0-0: Called Strike
0-1: Fly out, F6 (Popup, 4MD)
Top of the 3rd over - 0 runs, 1 hit, 0 errors, 1 left on base; Randall HS 1 - Oliver Ames HS 0
BOTTOM OF THE 3RD
Oliver Ames HS Tigers batting - Pitching for Randall HS Raiders : LHP Robbie Dukes
Batting: SHB Jorge Árias 0-0: Ball
1-0: Called Strike
1-1: Swinging Strike
1-2: Foul Ball, location: 2F
1-2: Foul Ball, location: 2F
1-2: Foul Ball, location: 2F
1-2: Fly out, F5 (Line Drive, 56)
Batting: RHB Michael Lee 0-0: Ball
1-0: Fly out, F7 (Line Drive, 7)
Batting: LHB Tony Gillard 0-0: Called Strike
0-1: Ball
1-1: Foul Ball, location: 2F
1-2: Foul Ball, location: 2F
1-2: Ball
2-2: Strikes out swinging
Bottom of the 3rd over - 0 runs, 0 hits, 0 errors, 0 left on base; Randall HS 1 - Oliver Ames HS 0
TOP OF THE 4TH
Randall HS Raiders batting - Pitching for Oliver Ames HS Tigers : RHP Will Jones
Batting: RHB Carlos Rivera 0-0: Ground out 5-3 (Groundball, 56S)
Batting: RHB Brody Sexton 0-0: Ball
1-0: Swinging Strike
1-1: Ball
2-1: Ball
3-1: Base on Balls
Batting: LHB Robert Wright 0-0: Ball
1-0: Grounds into double play, 5-4-3 (Groundball, 56)
Top of the 4th over - 0 runs, 0 hits, 0 errors, 0 left on base; Randall HS 1 - Oliver Ames HS 0
BOTTOM OF THE 4TH
Oliver Ames HS Tigers batting - Pitching for Randall HS Raiders : LHP Robbie Dukes
Batting: LHB William Moody 0-0: Ball
1-0: Fly out, F3 (Line Drive, 3)
Batting: RHB Marcos Llevanos 0-0: Swinging Strike
0-1: Called Strike
0-2: Strikes out swinging
Batting: RHB Will Hernández 0-0: Ball
1-0: Called Strike
1-1: Ground out 1-3 (Groundball, 13S)
Bottom of the 4th over - 0 runs, 0 hits, 0 errors, 0 left on base; Randall HS 1 - Oliver Ames HS 0
TOP OF THE 5TH
Randall HS Raiders batting - Pitching for Oliver Ames HS Tigers : RHP Will Jones
Batting: LHB Kade Clark 0-0: Ball
1-0: Foul Ball, location: 2F
1-1: Foul Ball, location: 2F
1-2: Ball
2-2: Strikes out swinging
Batting: RHB Luis Sánchez 0-0: Ball
1-0: SINGLE (Line Drive, 89S)
Pitching: RHP Gary Trusty
Batting: RHB Tony Burhoe 0-0: Ball
1-0: Called Strike
1-1: Foul Ball, location: 2F
1-2: Ball
2-2: Ball
3-2: Base on Balls
Luis Sánchez to second
Batting: LHB En-guo Wang 0-0: Ball
1-0: Ball
2-0: Ball
3-0: Base on Balls
Luis Sánchez to third
Tony Burhoe to second
Batting: RHB John Zhu 0-0: Ball
Balk!
Luis Sánchez scores
Tony Burhoe to third
En-guo Wang to second
1-0: Foul Ball, location: 2F
1-1: Swinging Strike
1-2: Strikes out swinging
Batting: RHB Michael Brown 0-0: Foul Ball, location: 2F
0-1: Ball
1-1: Foul Ball, location: 2F
1-2: Fly out, F9 (Flyball, 9)
Top of the 5th over - 1 run, 1 hit, 0 errors, 2 left on base; Randall HS 2 - Oliver Ames HS 0
BOTTOM OF THE 5TH
Oliver Ames HS Tigers batting - Pitching for Randall HS Raiders : LHP Robbie Dukes
Batting: LHB Manny Martínez 0-0: Fly out, F8 (Flyball, 8LM)
Batting: RHB Tom Richter 0-0: Ball
1-0: Ball
2-0: Called Strike
2-1: SOLO HOME RUN (Flyball, 7LD), Distance : 352 ft
Batting: RHB Dave Collins 0-0: Called Strike
0-1: Ball
1-1: Ball
2-1: Ball
3-1: Foul Ball, location: 2F
3-2: Base on Balls
Batting: SHB Jorge Árias 0-0: Swinging Strike
0-1: Ball
1-1: Ball
2-1: 2-RUN HOME RUN (Flyball, 7D), Distance : 386 ft
Batting: RHB Michael Lee 0-0: Called Strike
0-1: Swinging Strike
0-2: SINGLE (Groundball, 34D)
Batting: LHB Tony Gillard 0-0: Called Strike
0-1: Fielders Choice at 2nd, 5-4 (Groundball, 5)
Batting: LHB William Moody 0-0: Ground out U3 (Groundball, 34)
Bottom of the 5th over - 3 runs, 3 hits, 0 errors, 1 left on base; Randall HS 2 - Oliver Ames HS 3
TOP OF THE 6TH
Randall HS Raiders batting - Pitching for Oliver Ames HS Tigers : RHP Gary Trusty
Batting: RHB Carlos Rivera 0-0: Called Strike
0-1: Called Strike
0-2: Ball
1-2: Ball
2-2: SINGLE (Flyball, 7LS)
Batting: RHB Brody Sexton 0-0: Called Strike
0-1: DOUBLE (Flyball, 78D)
Carlos Rivera to third
Batting: LHB Robert Wright 0-0: Hit by Pitch
Batting: LHB Kade Clark 0-0: Called Strike
0-1: Foul Ball, location: 2F
0-2: Grounds into fielders choice 3-2 (Groundball, 34S)
Brody Sexton to third
Robert Wright to second
Batting: RHB Luis Sánchez 0-0: Ball
1-0: Foul Ball, location: 2F
1-1: Ball
2-1: Ball
3-1: Base on Balls
Brody Sexton scores
Robert Wright to third
Kade Clark to second
Batting: RHB Tony Burhoe 0-0: Foul Ball, location: 2F
0-1: Swinging Strike
0-2: Ball
Passed Ball!
Robert Wright scores
Kade Clark to third
Luis Sánchez to second
1-2: SINGLE (Flyball, 89M)
Kade Clark scores
Luis Sánchez to third
Pitching: RHP Kevin White
Batting: LHB En-guo Wang 0-0: Fly out, F9 (Flyball, 9S)
Batting: RHB John Zhu 0-0: Ball
1-0: Foul Ball, location: 2F
1-1: Fly out, F8 (Flyball, 8RD)
Top of the 6th over - 3 runs, 3 hits, 0 errors, 2 left on base; Randall HS 5 - Oliver Ames HS 3
BOTTOM OF THE 6TH
Oliver Ames HS Tigers batting - Pitching for Randall HS Raiders : LHP Robbie Dukes
Batting: RHB Marcos Llevanos 0-0: Ball
1-0: Ground out 5-3 (Groundball, 5)
Batting: RHB Will Hernández 0-0: Called Strike
0-1: Swinging Strike
0-2: Hit by Pitch
Batting: LHB Manny Martínez 0-0: Called Strike
0-1: Foul Ball, location: 2F
0-2: Ball
1-2: Foul Ball, location: 2F
1-2: Ball
2-2: Fly out, F7 (Flyball, 7)
Pitching: LHP Daniel Cortéz
Batting: RHB Tom Richter 0-0: Ball
1-0: Ball
2-0: 2-RUN HOME RUN (Flyball, 78XD), Distance : 413 ft
Batting: RHB Dave Collins 0-0: Called Strike
0-1: Foul Ball, location: 2F
0-2: Ball
1-2: Ball
2-2: Foul Ball, location: 2F
2-2: DOUBLE (Line Drive, 7LM)
Batting: SHB Jorge Árias 0-0: Called Strike
0-1: Fly out, F5 (Popup, 56S)
Bottom of the 6th over - 2 runs, 2 hits, 0 errors, 1 left on base; Randall HS 5 - Oliver Ames HS 5
TOP OF THE 7TH
Randall HS Raiders batting - Pitching for Oliver Ames HS Tigers : RHP Kevin White
Batting: RHB Michael Brown 0-0: Swinging Strike
0-1: Called Strike
0-2: Strikes out swinging
Batting: RHB Carlos Rivera 0-0: Ball
1-0: Ball
2-0: Ball
3-0: Base on Balls
Batting: RHB Brody Sexton 0-0: Foul Ball, location: 2F
0-1: Ball
1-1: Foul Ball, location: 2F
1-2: Strikes out swinging
Batting: LHB Robert Wright 0-0: Foul Ball, location: 2F
0-1: Ball
1-1: Fly out, F9 (Flyball, 9LS)
Top of the 7th over - 0 runs, 0 hits, 0 errors, 1 left on base; Randall HS 5 - Oliver Ames HS 5
BOTTOM OF THE 7TH
Oliver Ames HS Tigers batting - Pitching for Randall HS Raiders : LHP Daniel Cortéz
Batting: RHB Michael Lee 0-0: Ball
1-0: Swinging Strike
1-1: Ball
2-1: Ball
3-1: Base on Balls
Pinch Hitting: RHB Culley Turner 0-0: Foul Ball, location: 2F
0-1: Ball
1-1: Fielders Choice at 2nd, 4-6 (Groundball, 4)
Batting: LHB William Moody 0-0: Called Strike
0-1: Ball
1-1: Ball
2-1: Swinging Strike
2-2: Ball
3-2: Fly out, F9 (Flyball, 9LM)
Batting: RHB Marcos Llevanos 0-0: Ball
1-0: Ball
2-0: Ball
3-0: Base on Balls
Culley Turner to second
Batting: RHB Will Hernández 0-0: Ball
1-0: Called Strike
1-1: Ball
2-1: Ball
3-1: Ground out 1-3 (Groundball, P)
Bottom of the 7th over - 0 runs, 0 hits, 0 errors, 2 left on base; Randall HS 5 - Oliver Ames HS 5
TOP OF THE 8TH
Randall HS Raiders batting - Pitching for Oliver Ames HS Tigers : RHP Kevin White
Now in LF: Culley Turner
Batting: LHB Kade Clark 0-0: Ball
1-0: Swinging Strike
1-1: Foul Ball, location: 2F
1-2: Strikes out swinging
Pitching: RHP Del Mendía
Batting: RHB Luis Sánchez 0-0: Swinging Strike
0-1: Foul Ball, location: 2F
0-2: Ball
1-2: Ball
2-2: Ball
3-2: Base on Balls
Pinch Hitting: RHB Joe Reeves 0-0: Ball
1-0: Called Strike
1-1: SINGLE (Flyball, 78S)
Luis Sánchez to second
Luis Sánchez to third
Batting: LHB En-guo Wang 0-0: Foul Ball, location: 2F
0-1: Ball
1-1: Foul Ball, location: 2F
1-2: SINGLE (Flyball, 7S)
Luis Sánchez scores
Joe Reeves to second
Pinch Runner at 2nd Don Ulrich:
Batting: RHB John Zhu 0-0: Ball
1-0: Ball
2-0: Called Strike
2-1: Ball
3-1: Fly out, F7 (Flyball, 7)
Batting: RHB Michael Brown 0-0: Ball
1-0: Ball
2-0: SINGLE (Line Drive, 78S)
Don Ulrich to third
En-guo Wang to second
Runner from 3rd tries for Home, SAFE, no throw
Batting: RHB Carlos Rivera 0-0: Ball
1-0: Fly out, F4 (Popup, 4)
Top of the 8th over - 2 runs, 3 hits, 0 errors, 2 left on base; Randall HS 7 - Oliver Ames HS 5
BOTTOM OF THE 8TH
Oliver Ames HS Tigers batting - Pitching for Randall HS Raiders : LHP Daniel Cortéz
Now at 2B: Don Ulrich
Batting: LHB Manny Martínez 0-0: Fly out, F7 (Line Drive, 7)
Batting: RHB Tom Richter 0-0: Swinging Strike
0-1: Ball
1-1: Ground out 6-3 (Groundball, 6)
Batting: RHB Dave Collins 0-0: Called Strike
0-1: SOLO HOME RUN (Flyball, 7D), Distance : 404 ft
Batting: SHB Jorge Árias 0-0: Called Strike
0-1: Foul Ball, location: 2F
0-2: Ball
1-2: Ball
2-2: SOLO HOME RUN (Flyball, 7D), Distance : 405 ft
Pitching: RHP Branson Dadswell
Batting: RHB Michael Lee 0-0: Ball
1-0: Foul Ball, location: 2F
1-1: Ball
2-1: Ball
3-1: Called Strike
3-2: Base on Balls
Batting: RHB Culley Turner 0-0: Ball
1-0: Swinging Strike
1-1: Ball
2-1: Ball
3-1: Fly out, F8 (Flyball, 8LD)
Bottom of the 8th over - 2 runs, 2 hits, 0 errors, 1 left on base; Randall HS 7 - Oliver Ames HS 7
TOP OF THE 9TH
Randall HS Raiders batting - Pitching for Oliver Ames HS Tigers : RHP Del Mendía
Pitching: LHP Chase Walker
Batting: RHB Brody Sexton 0-0: Foul Ball, location: 2F
0-1: Ball
1-1: Swinging Strike
1-2: Strikes out looking
Batting: LHB Robert Wright 0-0: Called Strike
0-1: Ball
1-1: Swinging Strike
1-2: Foul Ball, location: 2F
1-2: SINGLE (Groundball, 3D)
Batting: LHB Kade Clark 0-0: Ball
1-0: Called Strike
1-1: Ball
2-1: Fly out, F8 (Flyball, 8RD)
Batting: RHB Luis Sánchez 0-0: Swinging Strike
0-1: Called Strike
0-2: Ball
1-2: Foul Ball, location: 2F
1-2: SINGLE (Line Drive, 56D)
Robert Wright to second
Batting: RHB Don Ulrich 0-0: Foul Ball, location: 2F
0-1: Ball
1-1: Swinging Strike
1-2: Ball
2-2: Ball
3-2: Foul Ball, location: 2F
3-2: Strikes out looking
Top of the 9th over - 0 runs, 2 hits, 0 errors, 2 left on base; Randall HS 7 - Oliver Ames HS 7
BOTTOM OF THE 9TH
Oliver Ames HS Tigers batting - Pitching for Randall HS Raiders : RHP Branson Dadswell
Pitching: LHP George Knight
Batting: LHB William Moody 0-0: Called Strike
0-1: Foul Ball, location: 2F
0-2: Ball
1-2: Strikes out swinging, 2-3 out at first.
Pitching: RHP Herman Hansen
Batting: RHB Marcos Llevanos 0-0: Swinging Strike
0-1: Called Strike
0-2: Strikes out swinging
Batting: RHB Will Hernández 0-0: Ball
1-0: Foul Ball, location: 2F
1-1: Called Strike
1-2: Ball
2-2: Foul Ball, location: 2F
2-2: Ball
3-2: Strikes out looking
Bottom of the 9th over - 0 runs, 0 hits, 0 errors, 0 left on base; Randall HS 7 - Oliver Ames HS 7
TOP OF THE 10TH
Randall HS Raiders batting - Pitching for Oliver Ames HS Tigers : LHP Chase Walker
Batting: LHB En-guo Wang 0-0: Ball
1-0: SINGLE (Groundball, 56D)
Batting: RHB John Zhu 0-0: SINGLE (Line Drive, 7S)
En-guo Wang to second
Batting: RHB Michael Brown 0-0: Ball
1-0: Ball
2-0: Grounds into double play, 6-4-3 (Groundball, 6M)
En-guo Wang to third
Batting: RHB Carlos Rivera 0-0: Foul Ball, location: 2F
0-1: Called Strike
0-2: Ball
1-2: Foul Ball, location: 2F
1-2: Ball
2-2: Strikes out swinging
Top of the 10th over - 0 runs, 2 hits, 0 errors, 1 left on base; Randall HS 7 - Oliver Ames HS 7
BOTTOM OF THE 10TH
Oliver Ames HS Tigers batting - Pitching for Randall HS Raiders : RHP Herman Hansen
Pitching: RHP Bob Elliott
Batting: LHB Manny Martínez 0-0: Ball
1-0: Swinging Strike
1-1: Fly out, F7 (Line Drive, 7D)
Batting: RHB Tom Richter 0-0: Ball
1-0: Foul Ball, location: 2F
1-1: Called Strike
1-2: SINGLE (Line Drive, 7S)
Batting: RHB Dave Collins 0-0: Called Strike
0-1: Ball
1-1: Ball
2-1: Called Strike
2-2: Ball
3-2: 2-RUN HOME RUN (Flyball, 9LD), Distance : 363 ft
Saturday, April 7th, 2018 - OOTP Baseball 18.8 Build 76